 Dungeon Crawl Stone Soup version 0.18-a0-659-gb9673d2 (webtiles) character file.

999831 4thArraOfDagon the Demon Slayer (level 27, -8/273 HPs)
             Began as a Hill Orc Ice Elementalist on Dec 5, 2015.
             Was a High Priest of the Shining One.
             Mangled by Asmodeus
             ... wielding the +7 Sceptre of Asmodeus
              (24 damage)
             ... on level 7 of Gehenna.
             The game lasted 06:17:37 (40409 turns).

4thArraOfDagon the Demon Slayer (HOIE)             Turns: 40409, Time: 06:17:37

Health: -8/273     AC: 54    Str: 22    XL:     27
Magic:  22/40      EV: 12    Int: 19    God:    the Shining One [*****.]
Gold:   3542       SH:  0    Dex: 14    Spells: 8 memorised, 16 levels left

rFire  + + .     SeeInvis +     W - +9 executioner's axe (holy)
rCold  + + +     Rnd*Rage +     s - +12 gold dragon armour
rNeg   + + +     SustAt   .     (shield currently unavailable)
rPois  +         Gourm    .     x - +1 helmet "Kiev" {rC++ rN++ MR+}
rElec  .         Spirit   .     h - +2 cloak of the Thief {+Fog Slay-2 SInv Stlth+}
rCorr  .         Dismiss  .     o - +2 pair of gloves {Dex+3}
rMut   .         Stasis   .     R - +2 pair of boots {run}
MR     ++++.                    G - amulet of Oceunut {+Blink +Fly MR+ Regen+ Int-3}
Stlth  ..........               b - +6 ring of slaying
                                k - ring of protection from fire

@: mighty, very slightly contaminated, hasted, glowing, repel missiles, very
quick, incredibly resistant to hostile enchantments, extremely unstealthy
A: berserk 1, slow regeneration 1, spit poison 1
a: Spit Poison, Divine Shield, Cleansing Flame, Summon Divine Warrior, Renounce
Religion, Evoke Blink, Evoke Fog, Evoke Flight
}: 13/15 runes: barnacled, slimy, silver, golden, iron, icy, bone, demonic,
glowing, magical, fiery, dark, gossamer


You were on level 7 of Gehenna.
You worshipped the Shining One.
The Shining One was extremely pleased with you.
You were full.

You visited 17 branches of the dungeon, and saw 90 of its levels.
You visited Pandemonium 2 times, and saw 29 of its levels.
You visited the Abyss 1 time.
You visited 1 ziggurat, and saw 9 of its levels.
You also visited: Labyrinth, Ossuary, Bailey and Ice Cave.

You collected 6887 gold pieces.
You spent 3225 gold pieces at shops.

Inventory:

Hand Weapons
 W - a +9 executioner's axe of holy wrath (weapon)
Missiles
 f - 11 throwing nets (quivered)
Armour
 h - the +2 cloak of the Thief (worn) {+Fog Slay-2 SInv Stlth+}
   (You bought it in a shop on level 4 of the Orcish Mines)

   It affects your accuracy and damage with ranged weapons and melee attacks
   (-2).
   It lets you see invisible.
   It can be evoked to emit clouds of fog.
   It makes you more stealthy.
 o - a +2 pair of gloves of dexterity (worn)
 s - a +12 gold dragon armour (worn)
 x - the +1 helmet "Kiev" (worn) {rC++ rN++ MR+}
   (You found it in Pandemonium)

   It greatly protects you from cold.
   It greatly protects you from negative energy.
   It affects your resistance to hostile enchantments.
 R - a +2 pair of boots of running (worn)
Jewellery
 b - a +6 ring of slaying (right hand)
 e - the amulet of Soag {Clar rElec SInv}
   (You found it on level 3 of the Tomb of the Ancients)

   [amulet of clarity]

   It provides mental clarity.
   It insulates you from electricity.
   It lets you see invisible.
 j - the ring of Zihipn {+/*Tele rPois Str+4}
   (You took it off a deep elf demonologist on level 3 of the Elven Halls)

   [ring of teleportation]

   It may teleport you next to monsters, and can be evoked to randomly teleport.
   It affects your strength (+4).
   It protects you from poison.
 k - a ring of protection from fire (left hand)
 y - the ring "Ynwutuc" {Wiz Int+6}
   (You found it on level 4 of the Depths)

   [ring of wizardry]

   It improves your spell success rate.
   It affects your intelligence (+6).
 z - an uncursed amulet of resist corrosion
 A - the ring "Imuime" {*Confuse rPois rF- MR+++ EV+3}
   (You found it in a labyrinth)

   [ring of evasion]

   It affects your evasion (+3).
   It makes you vulnerable to fire.
   It protects you from poison.
   It affects your resistance to hostile enchantments.
   It may confuse you when you take damage.
 G - the amulet of Oceunut (around neck) {+Blink +Fly MR+ Regen+ Int-3}
   (You found it on level 4 of the Depths)

   [amulet of regeneration]

   It affects your intelligence (-3).
   It affects your resistance to hostile enchantments.
   It lets you fly.
   It lets you blink.
   It increases your rate of regeneration.
 P - an uncursed amulet of rage
Wands
 w - a wand of hasting (5)
 C - a wand of teleportation (3)
 E - a wand of digging (15)
 J - a wand of disintegration (4)
 N - a wand of teleportation (2)
 Q - a wand of digging (11)
 S - a wand of teleportation (5)
 X - a wand of teleportation (3)
Scrolls
 g - 7 scrolls of teleportation
 i - a scroll of identify
 l - 9 scrolls of recharging
 p - 21 scrolls of remove curse
 u - 4 scrolls of blinking
 H - 6 scrolls of fog
 I - a scroll of silence
 L - 4 scrolls of holy word
 O - 2 scrolls of summoning
 Z - 8 scrolls of magic mapping
Potions
 d - a potion of haste
 m - 7 potions of brilliance
 q - 7 potions of curing
 r - 4 potions of magic
 t - 4 potions of might
 v - 2 potions of flight
 B - 4 potions of agility
 D - a potion of resistance
 K - 5 potions of cancellation
 V - 6 potions of ambrosia
Miscellaneous
 a - a lamp of fire
 n - a phial of floods
 F - a fan of gales
 M - a piece from Xom's chessboard
 T - 4 phantom mirrors
Comestibles
 U - 22 meat rations


   Skills:
 O Level 27 Fighting
 - Level 26.1 Axes
 O Level 27 Armour
 + Level 13.5 Dodging
 - Level 1.5 Stealth
 - Level 6.2 Spellcasting
   Level 1.0 Conjurations
 - Level 2.0 Hexes
 - Level 9.8 Charms
 - Level 6.1 Translocations
   Level 2.6 Ice Magic
 - Level 9.2 Air Magic
 O Level 27 Invocations
 - Level 14.1 Evocations


You had 16 spell levels left.
You knew the following spells:

 Your Spells              Type           Power        Failure   Level  Hunger
a - Animate Skeleton      Necr           N/A          88%         1    None
b - Apportation           Tloc           ####......   10%         1    None
c - Blink                 Tloc           N/A          14%         2    None
d - Repel Missiles        Chrm/Air       #####.       2%          2    None
e - Silence               Hex/Air        ####......   100%        5    #####..
f - Haste                 Chrm           #####...     100%        6    #######
g - Spectral Weapon       Hex/Chrm       ####....     24%         3    ##.....
h - Song of Slaying       Chrm           #####...     2%          2    None


Dungeon Overview and Level Annotations

Branches:
Dungeon (15/15)            Temple (1/1) D:6            Lair (8/8) D:9
 Shoals (4/4) Lair:6       Spider (4/4) Lair:3        Slime (6/6) Lair:8
    Orc (4/4) D:9             Elf (3/3) Orc:3        Vaults (5/5) D:14
  Crypt (3/3) Vaults:2       Tomb (3/3) Crypt:3      Depths (5/5) D:15
   Hell (1/1)                 Dis (7/7) Hell            Geh (7/7) Hell
    Coc (7/7) Hell            Tar (7/7) Hell            Zot (0/5) Depths:5

Altars:
Ashenzari
Cheibriados
Dithmenos
Elyvilon
Kikubaaqudgha
Nemelex Xobeh
Qazlal
Ru
Sif Muna
Trog
Vehumet
Xom
Yredelemnul
Zin
The Shining One
Beogh
Jiyva

Shops:
D:4 *   Orc:1 *   Orc:4 *=[(   Elf:2 *   Shoals:3 **   Shoals:4 (   Vaults:5 ?
Depths:2 %}(!(   Depths:3 (

Portals:
Hell: Depths:1 Depths:2 Depths:3* Depths:4 Depths:5
Abyss: Depths:3 Depths:4
Pandemonium: Depths:1 Depths:5
Ziggurat: Depths:3

Annotations:
D:12 4thArraOfDagon's ghost, novice OgHu
Tomb:1 Frederick; Jory; Mennas
Hell Murray
Dis:4 4 runed doors
Geh:7 Asmodeus


Innate Abilities, Weirdness & Mutations

You tend to lose your temper in combat.
You regenerate slowly when monsters are visible.
You can spit weak poison.


Message History

Asmodeus is smitten.
Unknown command.
You hit Asmodeus but do no damage.
Asmodeus is severely wounded.
You are engulfed in roaring flames.
You resist.
* * * LOW HITPOINT WARNING * * *
Asmodeus hits you with a ruby sceptre!!
* * * LOW HITPOINT WARNING * * *
Unknown command.
Unknown command.
Unknown command.
The golden flame engulfs you! You resist.
The golden flame engulfs Asmodeus.
Asmodeus writhes in agony!
Asmodeus is severely wounded.
The golden flame engulfs your daeva.
Your daeva appears unharmed.
Your daeva is moderately wounded.
You feel somewhat less full.
You are engulfed in roaring flames.
You resist. Asmodeus hits you with a ruby sceptre!!
You die...

#.... .........')...## #.. ##...#
#####..##....# #.. #....# ##
##.$#....# #. #....#. #.
#..#....# #. #.)..#..#.
#..#....## #. #....#..#.
#..#.....# #. ##..)#..§§
##..#.....# ##
#..)##.§&####..##.....# #
#..))#.§A@.....#......## #
#.)..###.....###.......#.# .#
##......#######.........#.#
..#####..........§...........'#'#
......''........§...........''...
.......''.....§§§§......#####....
≈§......''.#####§§..#####...'....
..§......'##...######§....###....
§§§.......#:....###.)§##### ##...


You could see Asmodeus and a friendly daeva.

Vanquished Creatures
  Antaeus (Coc:7)
  the Royal Jelly (Slime:6)
  Ereshkigal (Tar:7)
  Gloorx Vloq (Pan)
  Khufu (Crypt:3)
  Mara (Depths:1)
  3 ancient liches
  2 juggernauts
  10 greater mummies
  Sojobo (Depths:4)
  9 pandemonium lords (Pan)
  Boris (Crypt:3)
  10 shard shrikes (Coc:7)
  3 caustic shrikes
  Geryon (Hell)
  A golden dragon (Depths:3)
  3 bone dragons
  8 liches
  10 Brimstone Fiends
  7 tentacled monstrosities (Pan)
  11 Ice Fiends
  4 titans
  2 Hell Sentinels
  Asterion (Spider:3)
  10 Shadow Fiends
  A quicksilver dragon (Depths:4)
  7 acid blobs
  A deep elf master archer (Elf:3)
  6 sphinxes
  16 Executioners
  3 krakens
  2 tentacled starspawn
  2 ancient champions
  9 shadow dragons
  Kirke (Spider:2)
  3 storm dragons
  5 tengu reavers
  A revenant (Crypt:3)
  A greater naga (Zig:5)
  A draconian monk (Depths:5)
  10 azure jellies
  A daeva (Pan)
  7 fire giants
  An iron dragon (Vaults:5)
  11 frost giants
  20 balrugs
  A frost giant (shapeshifter) (Vaults:5)
  An emperor scorpion (Spider:4)
  Aizul (Spider:1)
  Louise (Spider:1)
  12 cacodemons (Pan)
  2 ghost moths (Spider:4)
  2 curse skulls
  3 orc warlords
  2 ghouls
  4 deep elf sorcerers
  6 warmongers (Pan)
  15 vault wardens
  3 angels (Pan)
  16 reapers
  10 ironheart preservers
  A war gargoyle (Vaults:5)
  3 ophanim (Pan)
  9 stone giants
  A vampire knight (Tar:7)
  3 elemental wellsprings (Coc:7)
  5 salamander stormcallers
  4 very ugly things
  Nessos (Lair:6)
  A black draconian (Depths:5)
  2 blood saints (Pan)
  An apis (Pan)
  2 deep elf annihilators (Elf:3)
  4 corrupters (Pan)
  4 spark wasps
  4 bennus (Tomb:2)
  A deep elf demonologist (Vaults:5)
  8 lorocyprocas (Pan)
  2 purple draconians (Depths:5)
  3 chaos champions (Pan)
  A white draconian (IceCv)
  12 ettins
  2 merfolk javelineers
  2 black suns (Pan)
  6 green deaths
  5 death oozes
  5 fire dragons
  19 blizzard demons
  4 deep elf death magi
  17 mummy priests
  35 vault guards
  A merfolk impaler (Shoals:4)
  9 jiangshi (Crypt:3)
  A quicksilver dragon zombie (Coc:7)
  10 yaktaur captains
  A deep elf high priest (Vaults:5)
  A minotaur (Lab)
  2 rakshasas
  8 great orbs of eyes
  2 quicksilver dragon skeletons
  A kraken zombie (Hell)
  2 hydras
  9 monstrous demonspawn (Pan)
  A naga warrior (Zig:5)
  4 entropy weavers
  7 hell beasts
  3 merfolk avatars
  19 ice dragons
  A spriggan air mage (Depths:2)
  A death knight (Crypt:2)
  A death yak (IceCv)
  4 ogre magi
  10 dancing weapons
  A ghost crab (Zig:6)
  A satyr (Shoals:4)
  3 centaur warriors
  2 vampire magi (Tar:7)
  3 thrashing horrors
  4 tengu warriors
  A spriggan berserker (Depths:2)
  2 deep troll earth magi
  An orc high priest (Vaults:1)
  2 deep troll shamans
  7 hell hogs
  3 storm dragon zombies
  A shock serpent (shapeshifter) (Vaults:5)
  11 soul eaters
  7 deep elf knights
  29 skeletal warriors
  2 titan skeletons
  28 death scarabs
  2 salamander mystics
  37 sun demons
  3 fire crabs
  A death drake (Zig:6)
  2 golden dragon zombies (Coc:7)
  An anaconda zombie (Tar:7)
  A cherub (Pan)
  2 sea snakes
  12 hell knights
  A storm dragon skeleton (Coc:1)
  A ball lightning (Pan)
  2 naga ritualists (Zig:5)
  4 deep elf summoners
  5 unseen horrors
  20 large abominations
  9 shadow wraiths
  A spriggan druid (Zig:6)
  A harpy (shapeshifter) (Depths:3)
  2 hill giants (Vaults:1)
  2 giant orange brains
  9 infernal demonspawn (Pan)
  8 flayed ghosts
  9 deep trolls
  8 gelid demonspawn (Pan)
  8 torturous demonspawn (Pan)
  19 anubis guards
  A shadow dragon zombie (Geh:3)
  7 putrid demonspawn (Pan)
  11 harpies
  9 necromancers
  14 ironbrand convokers
  10 phantasmal warriors
  4 wolf spider zombies
  2 anaconda skeletons
  2 orc sorcerers
  9 shadow demons
  A sphinx zombie (Vaults:1)
  5 shining eyes
  13 sixfirhies
  4 fauns
  A kraken simulacrum (Coc:7)
  A stone giant zombie (Dis:2)
  2 wizards
  A shadow dragon skeleton (Coc:3)
  5 griffons
  14 wolf spiders
  A fire giant zombie (Coc:3)
  2 deep elf conjurers
  9 hornets
  2 orc knights
  An orb spider (shapeshifter) (Vaults:1)
  8 orb spiders
  A spectral ettin (Crypt:3)
  A frost giant zombie (Geh:5)
  27 ugly things
  2 iron dragon skeletons
  A worldbinder (Abyss:2)
  5 cyclopes
  4 elephants
  6 manticores
  A siren (Zig:1)
  2 manticores (shapeshifter)
  2 fire giant skeletons
  13 vault sentinels
  5 black mambas
  2 moths of wrath
  A stone giant skeleton (Geh:7)
  6 titan simulacra (Coc:7)
  4 rust devils
  3 dire elephant zombies
  4 ice statues
  A salamander (Geh:6)
  A guardian serpent (shapeshifter) (Vaults:3)
  12 smoke demons
  5 molten gargoyles (Geh:7)
  A shock serpent skeleton (Tar:5)
  22 orange demons
  A moth of wrath (shapeshifter) (Vaults:5)
  3 storm dragon simulacra (Coc:7)
  A yellow draconian zombie (Coc:3)
  6 spiny frogs
  An emperor scorpion zombie (Tar:6)
  3 eyes of devastation
  3 komodo dragons
  26 ice devils
  17 hellions
  A kobold demonologist (Vaults:2)
  A golden dragon simulacrum (Vaults:5)
  16 tormentors
  15 yaktaurs
  7 efreet
  3 hellwings (Pan)
  2 ancient zymes (Abyss:2)
  4 tengu conjurers
  3 hydra zombies
  8 deep elf priests
  9 demonic crawlers
  36 guardian mummies
  A silent spectre (Tar:4)
  5 anaconda simulacra (Coc:7)
  17 red devils
  A minotaur zombie (Crypt:2)
  16 jumping spiders
  A queen bee (Depths:4)
  A polar bear (shapeshifter) (Depths:1)
  2 trolls
  20 polar bears
  6 merfolk
  3 raiju
  3 harpy skeletons
  6 hydra skeletons
  A moth of wrath zombie (Crypt:1)
  9 two-headed ogres
  A raiju (shapeshifter) (Elf:2)
  A wind drake (shapeshifter) (Vaults:1)
  11 freezing wraiths
  A blink frog (Lair:8)
  34 slime creatures
  A boulder beetle (Spider:1)
  An alligator zombie (Coc:7)
  5 bog bodies
  2 snapping turtles (Shoals:4)
  16 ushabtiu
  2 ettin zombies
  3 fire dragon zombies
  3 ice dragon zombies
  A satyr zombie (Crypt:2)
  17 trapdoor spiders
  A human simulacrum (Vaults:2)
  73 flying skulls
  A tarantella (shapeshifter) (Vaults:4)
  10 wraiths
  A wyvern (D:13)
  28 redbacks
  2 ettin skeletons
  2 ice dragon skeletons
  16 shadows
  17 tarantellas
  9 water elementals
  A human (shapeshifter) (Vaults:2)
  2 fire dragon skeletons
  A stone giant simulacrum (Vaults:3)
  2 alligator skeletons
  20 yaks
  12 deep elf magi
  22 neqoxecs
  10 deep elf fighters
  2 hippogriffs (shapeshifter)
  4 golden eyes
  3 humans (D:14)
  A wyvern (shapeshifter) (Depths:1)
  16 wolves
  12 vampires
  15 ynoxinuls
  10 fire elementals
  A steam dragon (Lair:4)
  A hungry ghost (D:10)
  3 mottled dragons (Vaults:1)
  5 vampire mosquitoes
  11 wargs
  15 chaos spawn (Pan)
  5 hippogriffs
  A harpy simulacrum (Tar:7)
  4 spiny frog zombies
  5 eyes of draining
  44 hell hounds
  Duvessa (D:6)
  A water nymph skeleton (Crypt:1)
  4 porcupines
  3 water moccasins
  5 hydra simulacra
  9 black bears
  A fire dragon simulacrum (Coc:7)
  25 orc warriors
  A merfolk skeleton (Crypt:2)
  3 sky beasts
  An ice dragon simulacrum (Tomb:2)
  10 necrophages
  A snapping turtle zombie (Dis:5)
  A crocodile (Lair:2)
  A wasp (D:13)
  18 ogres
  2 snapping turtle skeletons
  6 ice beasts
  6 centaurs
  3 swamp dragon zombies
  2 big kobolds
  A gnoll sergeant (D:8)
  6 giant frogs
  4 water moccasin zombies (Ossuary)
  Dowan (D:6)
  7 small abominations
  3 scorpions
  2 troll zombies
  2 spriggan zombies
  2 water moccasin skeletons
  21 killer bees
  3 spriggan skeletons (D:12)
  A troll skeleton (D:12)
  29 wights
  An electric eel (Lair:8)
  13 jellies
  12 orc wizards
  8 orc priests
  2 quasits (Abyss:2)
  13 crimson imps
  4 iguanas
  9 human zombies
  3 giant frog zombies
  2 giant frog skeletons
  3 centaur skeletons
  7 hounds
  3 human skeletons
  5 iron imps
  16 sheep
  4 worker ants
  5 big kobold zombies
  A hound zombie (D:11)
  4 ogre skeletons
  46 mummies
  A worker ant zombie (D:5)
  16 river rats
  A steam dragon zombie (Crypt:2)
  17 gnolls
  8 adders
  3 shadow imps
  13 white imps
  A giant eyeball (Pan)
  2 ufetubi
  6 adder zombies
  2 worms
  47 orcs
  5 goblins
  4 hobgoblins
  2 quokkas
  2 bats
  A giant gecko (D:7)
  3 giant newts
  A gnoll zombie (Ossuary)
  3 hobgoblin zombies (Ossuary)
  6 jackals
  12 kobolds
  4 kobold zombies (Ossuary)
  7 orc zombies
  A quokka zombie (Crypt:2)
  3 rats
  7 crawling corpses
  A fire vortex (Geh:6)
  2 fungi
  5 plants
  4 starspawn tentacles
  3 tentacles
  2 tentacle segments (Shoals:4)
2392 creatures vanquished.

Vanquished Creatures (collateral kills)
  Mnoleg (Pan)
  4 greater mummies (Tomb:3)
  Norris (Elf:3)
  A caustic shrike (Depths:3)
  Nikola (Shoals:3)
  A profane servitor (Crypt:3)
  Jorgrun (Depths:2)
  Rupert (Orc:2)
  4 tentacled monstrosities
  A titan (Depths:4)
  2 quicksilver dragons (Depths:4)
  3 deep elf blademasters
  A Shadow Fiend (Tar:7)
  4 acid blobs (Slime:6)
  A deep elf master archer (Elf:3)
  An eldritch tentacle (Pan)
  A sphinx (Depths:4)
  Gastronok (D:9)
  Frances (Elf:1)
  A revenant (Crypt:3)
  2 storm dragons
  2 shadow dragons
  Ilsuiw (Shoals:4)
  A daeva (Pan)
  2 tengu reavers (Depths:4)
  An azure jelly (Slime:4)
  3 frost giants
  A fire giant (shapeshifter) (Depths:3)
  Maud (Lair:7)
  A fire giant (Depths:4)
  3 deep elf sorcerers (Elf:3)
  2 iron dragons (Depths:3)
  A draconian zealot (Depths:5)
  An ironheart preserver (Vaults:1)
  An orc warlord (Crypt:3)
  2 spriggan defenders (Depths:3)
  A very ugly thing (Depths:4)
  8 stone giants
  2 vampire knights
  5 deep elf demonologists
  A green draconian (Depths:5)
  A yellow draconian (Depths:5)
  6 deep elf annihilators (Elf:3)
  A mottled draconian (Depths:5)
  A merfolk javelineer (Shoals:4)
  14 merfolk impalers
  4 death oozes (Slime:6)
  4 deep elf death magi
  5 ettins
  7 fire dragons
  4 vault guards
  A mummy priest (Tomb:3)
  A yaktaur captain (Vaults:1)
  2 jiangshi (Crypt:3)
  3 deep elf high priests
  2 spriggan air magi
  6 hydras
  4 great orbs of eyes
  2 ogre magi
  2 merfolk avatars
  3 entropy weavers
  5 rakshasas
  2 death knights (Crypt:3)
  A centaur warrior (D:13)
  8 dancing weapons (Elf:2)
  A deep troll shaman (Depths:2)
  An alligator snapping turtle (Shoals:4)
  3 merfolk aquamancers (Shoals:4)
  4 tengu warriors
  5 death yaks
  An orc high priest (Elf:3)
  3 small abominations
  2 spriggan berserkers
  A vampire mage (Depths:1)
  3 deep troll earth magi
  8 deep elf knights
  An iron troll (Depths:1)
  2 soul eaters
  A titan skeleton (Tomb:3)
  A shadow wraith (Pan)
  4 wizards
  2 storm dragon skeletons
  3 salamander mystics
  A spectral purple draconian (Crypt:3)
  6 skeletal warriors
  A flayed ghost (Depths:4)
  7 sea snakes
  3 deep elf summoners
  2 hell knights
  9 deep trolls
  5 hill giants
  An ironbrand convoker (Vaults:1)
  An unseen horror (D:15)
  A lindwurm (Lair:8)
  A wolf spider zombie (D:15)
  6 deep elf conjurers
  4 orc knights
  An anubis guard (Tomb:3)
  An orb spider (Spider:4)
  A spectral ettin (Crypt:3)
  5 ugly things
  3 fauns (Shoals:3)
  2 shining eyes
  3 sirens (Shoals:4)
  5 water nymphs
  9 cyclopes
  5 griffons
  6 wolf spiders
  5 manticores
  6 salamanders
  A moth of wrath (Spider:2)
  4 elephants (Lair:7)
  3 naga magi
  2 vault sentinels
  2 torpor snails
  A hornet (shapeshifter) (Elf:3)
  A gargoyle (D:13)
  5 yaktaurs
  A fire drake (Lair:6)
  10 spiny frogs
  2 kobold demonologists
  3 trolls
  2 komodo dragons
  5 demonic crawlers
  5 deep elf priests
  6 guardian mummies
  35 merfolk
  5 tengu conjurers
  2 freezing wraiths
  9 jumping spiders
  A giant leech (Lair:8)
  4 two-headed ogres
  A harpy skeleton (D:14)
  9 polar bears
  2 raiju (Lair:8)
  25 slime creatures
  2 boulder beetles (Lair:8)
  10 snapping turtles
  5 trapdoor spiders
  2 blink frogs (Lair:8)
  A frost giant simulacrum (Tomb:3)
  3 air elementals (Depths:5)
  15 redbacks
  2 spriggans (shapeshifter)
  4 ushabtiu (Tomb:3)
  2 neqoxecs
  3 shadows
  3 flying skulls (Crypt:3)
  11 water elementals
  14 deep elf magi
  3 wraiths
  5 golden eyes
  17 deep elf fighters
  A wyvern (D:12)
  8 tarantellas
  16 yaks
  A basilisk (D:13)
  6 hippogriffs
  A hog (Spider:2)
  4 porcupines
  7 water moccasins
  4 vampire mosquitoes (D:15)
  A naga (Zig:5)
  13 humans (D:14)
  9 orc warriors
  19 wolves
  7 wargs
  A large abomination (Pan)
  5 black bears (Lair:8)
  An eye of draining (Slime:6)
  2 hell hounds (Lair:8)
  A wasp (D:11)
  3 boggarts (Vaults:1)
  10 centaurs
  6 ogres
  2 ice beasts (Lair:7)
  9 crocodiles
  7 giant frogs
  3 wights (D:15)
  8 killer bees
  A spriggan skeleton (D:12)
  An electric eel (Lair:8)
  5 jellies
  3 orc priests
  10 hounds
  A hound (shapeshifter) (Depths:3)
  4 orc wizards
  2 iguanas (Lair:4)
  A worker ant (D:13)
  18 sheep
  2 mummies (Tomb:3)
  3 gnolls
  21 river rats
  6 white imps
  18 orcs
  2 goblins (Orc:2)
  4 jackals (Lair:8)
  3 fungi
  5 plants
  4 tentacles
826 creatures vanquished.

Vanquished Creatures (others)
  4 orc warlords
  A revenant (Tomb:2)
  A draconian annihilator (Pan)
  A blood saint (Pan)
  A deep elf annihilator (Pan)
  An ettin (Orc:4)
  A deep elf high priest (Depths:4)
  A blizzard demon (Pan)
  An orc sorcerer (Shoals:4)
  A monstrous demonspawn (Pan)
  An alligator (Zig:6)
  An orc high priest (Elf:1)
  6 death scarabs (Tomb:2)
  16 ball lightnings (Pan)
  A putrid demonspawn (Pan)
  A wizard (Pan)
  A swamp dragon (Zig:6)
  8 orc knights
  An anubis guard (Tomb:2)
  A sixfirhy (Pan)
  A smoke demon (Pan)
  A yaktaur (Depths:2)
  A guardian mummy (Tomb:2)
  An ice dragon zombie (Tomb:2)
  A giant leech (Zig:6)
  An alligator skeleton (Hell)
  11 orc warriors
  A human (Spider:2)
  A spiny frog zombie (Coc:7)
  2 ogres (Tomb:3)
  26 orc priests
  10 orc wizards
  3 mummies (Tomb:2)
  91 orcs
  6 bushes (Depths:5)
  101 eldritch tentacle segments (Pan)
  4 lost souls
  5 plants (Lair:8)
  8 starspawn tentacles
  88 starspawn tentacle segments
  29 tentacles
  581 tentacle segments
1023 creatures vanquished.

Grand Total: 4241 creatures vanquished

Notes
Turn   | Place    | Note
--------------------------------------------------------------
     0 | D:1      | 4thArraOfDagon the Hill Orc Ice Elementalist began the quest for the Orb.
     0 | D:1      | Reached XP level 1. HP: 14/14 MP: 3/3
   122 | D:2      | Found a white marble altar of Elyvilon.
   157 | D:2      | Reached skill level 1 in Fighting
   273 | D:2      | Reached XP level 2. HP: 18/25 MP: 0/4
   400 | D:2      | Reached skill level 1 in Axes
   431 | D:3      | Reached XP level 3. HP: 24/30 MP: 3/5
   558 | D:3      | Found a shadowy altar of Dithmenos.
   820 | D:4      | Found Wituich's General Store.
   894 | D:5      | Entered Level 5 of the Dungeon
   899 | D:5      | meh
   945 | D:5      | Found a shimmering altar of Xom.
  1036 | D:6      | Noticed a scorpion
  1131 | D:5      | Reached skill level 3 in Fighting
  1131 | D:5      | Reached XP level 4. HP: 24/38 MP: 4/6
  1257 | D:5      | 2curing vs adler
  1360 | D:6      | meh
  1360 | D:6      | Became a worshipper of Beogh the Brigand
  1477 | D:5      | Noticed a centaur
  1549 | D:6      | Found a staircase to the Ecumenical Temple.
  1552 | D:6      | meh
  1557 | D:6      | Reached skill level 4 in Axes
  1558 | D:6      | Reached skill level 1 in Invocations
  1558 | D:6      | Reached XP level 5. HP: 27/45 MP: 4/7
  1576 | D:6      | Noticed a centaur
  1580 | D:6      | Noticed a sky beast
  1595 | D:6      | Killed a centaur
  1595 | D:6      | Reached skill level 5 in Axes
  1595 | D:6      | Reached XP level 6. HP: 49/52 MP: 8/8
  1678 | D:7      | Reached skill level 6 in Axes
  1685 | D:7      | Reached XP level 7. HP: 44/60 MP: 9/9
  1800 | D:7      | Found a sand-covered staircase.
  1812 | Ossuary  | Entered an ossuary
  1829 | Ossuary  | Reached * piety under Beogh
  1891 | Ossuary  | Reached skill level 7 in Axes
  1891 | Ossuary  | Reached skill level 1 in Armour
  1963 | Ossuary  | Reached skill level 5 in Fighting
  2354 | D:7      | Reached XP level 8. HP: 36/68 MP: 11/11
  2382 | D:7      | Got a shimmering scale mail
  2395 | D:7      | Identified the +8 scale mail of the Realm of Zot {*Drain rElec rN+ MP+9} (You found it on level 7 of the Dungeon)
  2448 | D:7      | Reached skill level 5 in Invocations
  2530 | D:7      | Reached skill level 8 in Axes
  2725 | D:7      | Reached ** piety under Beogh
  2734 | D:7      | Found a basalt altar of Yredelemnul.
  3015 | D:3      | Reached skill level 9 in Axes
  3188 | D:4      | Bought a scroll of brand weapon for 260 gold pieces
  3436 | D:7      | Reached XP level 9. HP: 70/75 MP: 14/14
  3442 | D:7      | Gained mutation: Scrolls take you a little longer to read. [mutagenic meat]
  3443 | D:7      | Gained mutation: You tend to lose your temper in combat. [mutagenic meat]
  3444 | D:7      | Gained mutation: You have large cloven feet. [mutagenic meat]
  3445 | D:7      | Gained mutation: You are agile. (Dex +2) [mutagenic meat]
  3743 | D:8      | Reached *** piety under Beogh
  3768 | D:8      | Learned a level 1 spell: Apportation
  3870 | D:8      | Reached skill level 10 in Axes
  4218 | D:9      | lets try
  4236 | D:9      | Found an ancient bone altar of Kikubaaqudgha.
  4247 | D:9      | Found a shattered altar of Ashenzari.
  4338 | D:10     | Entered Level 10 of the Dungeon
  4462 | D:11     | Reached skill level 5 in Armour
  4490 | D:11     | Reached XP level 10. HP: 68/86 MP: 17/17
  4518 | D:11     | Reached **** piety under Beogh
  4519 | D:11     | Reached skill level 11 in Axes
  4562 | D:11     | Noticed a skeletal warrior
  4562 | D:11     | Noticed a skeletal warrior
  4562 | D:11     | Noticed a skeletal warrior
  4593 | D:11     | Reached skill level 1 in Translocations
  4704 | D:10     | Noticed a four-headed hydra
  4838 | D:11     | Reached skill level 10 in Invocations
  5021 | D:12     | Killed an unseen horror
  5175 | D:12     | Noticed 4thArraOfDagon's ghost (novice OgHu)
  5298 | D:13     | Reached ***** piety under Beogh
  5342 | D:13     | Found a labyrinth entrance.
  5353 | Lab      | Entered a labyrinth
  5467 | Lab      | Killed an unseen horror
  5519 | Lab      | Killed an unseen horror
  5690 | Lab      | Noticed a minotaur
  5704 | Lab      | Killed a minotaur
  5704 | Lab      | Reached skill level 12 in Axes
  5704 | Lab      | Reached XP level 11. HP: 71/94 MP: 19/19
  5720 | Lab      | Got a shimmering plate armour
  5720 | Lab      | Got a shimmering iron ring
  5724 | Lab      | Learned a level 2 spell: Blink
  5727 | Lab      | Learned a level 2 spell: Repel Missiles
  6366 | D:13     | Identified the ring "Imuime" {*Confuse rPois rF- MR+++ EV+3} (You found it in a labyrinth)
  6414 | D:14     | Noticed a five-headed hydra
  6418 | D:14     | Killed a seven-headed hydra
  6594 | D:14     | Noticed a wizard
  6599 | D:14     | Killed a wizard
  6615 | D:14     | Noticed a wizard
  6620 | D:14     | Killed a wizard
  6643 | D:14     | Found a gate to the Vaults.
  6643 | D:14     | Noticed a vault guard
  6643 | D:14     | Noticed a vault guard
  6643 | D:14     | Noticed a wizard
  6643 | D:14     | Noticed a necromancer
  6643 | D:14     | Noticed a vault guard
  6650 | D:14     | Killed a vault guard
  6650 | D:14     | Reached skill level 5 in Translocations
  6650 | D:14     | Reached XP level 12. HP: 91/104 MP: 21/21
  6653 | D:14     | Reached skill level 13 in Axes
  6657 | D:14     | Killed a vault guard
  6658 | D:14     | Killed a vault guard
  6819 | D:15     | Entered Level 15 of the Dungeon
  6867 | D:15     | Identified the +4 plate armour of Qazlal's Envy {Slay+2} (You found it in a labyrinth)
  7202 | D:15     | Gained Ognian as an ally
  7259 | D:15     | Reached ****** piety under Beogh
  7430 | D:15     | Reached skill level 14 in Axes
  7482 | D:15     | Noticed an ogre mage
  7488 | D:15     | Killed an ogre mage
  7488 | D:15     | Reached skill level 10 in Fighting
  7488 | D:15     | Reached XP level 13. HP: 88/113 MP: 23/23
  7491 | D:15     | Gained Morun as an ally
  7495 | D:15     | Found a staircase to the Depths.
  7867 | D:9      | Found a roughly hewn altar of Beogh.
  7867 | D:9      | Found a staircase to the Orcish Mines.
  7869 | D:9      | Found a staircase to the Lair.
  7917 | Orc:1    | Entered Level 1 of the Orcish Mines
  7965 | Orc:1    | Found Kedeva's Assorted Antiques.
  7976 | Orc:1    | Bought a scroll of magic mapping for 84 gold pieces
  7976 | Orc:1    | Bought a scroll of magic mapping for 84 gold pieces
  7976 | Orc:1    | Bought an orange potion for 21 gold pieces
  7978 | Orc:1    | Found a roughly hewn altar of Beogh.
  8085 | Orc:2    | Found a roughly hewn altar of Beogh.
  8089 | Orc:2    | Noticed Rupert
  8098 | Orc:2    | Killed Rupert
  8098 | Orc:2    | Reached skill level 5 in Spellcasting
  8161 | Orc:2    | Found a flagged portal.
  8169 | Bailey   | Entered a bailey
  8327 | Bailey   | 0ev, really?
  8439 | Orc:4    | Entered Level 4 of the Orcish Mines
  8445 | Orc:4    | Noticed an ettin
  8446 | Orc:4    | Found Pocwout's Antique Armour Shop.
  8454 | Orc:4    | Killed an ettin
  8548 | Orc:4    | Found Epuer's Antique Weapon Emporium.
  8548 | Orc:4    | Noticed an ettin
  8556 | Orc:4    | Killed an ettin
  8606 | Orc:4    | Noticed a stone giant
  8618 | Orc:4    | Killed a stone giant
  8625 | Orc:4    | Found Vaaquzof's General Store.
  8633 | Orc:4    | Bought a scroll of enchant armour for 112 gold pieces
  8684 | Orc:4    | Found Irrunilo's Jewellery Shop.
  8684 | Orc:4    | Noticed an ettin
  8691 | Orc:4    | Killed an ettin
  8795 | Orc:3    | Found a staircase to the Elven Halls.
  8848 | Elf:1    | Entered Level 1 of the Elven Halls
  8876 | Elf:1    | Reached skill level 15 in Axes
  8878 | Elf:1    | Gained Judas as an ally
  8900 | Elf:1    | Found a radiant altar of Vehumet.
  8977 | Elf:1    | CAST
  8984 | Elf:1    | DOWN
  9007 | Elf:1    | Noticed Frances
  9008 | Elf:1    | THE HERETICS
  9015 | Elf:1    | Killed Frances
  9179 | Elf:2    | Reached skill level 15 in Invocations
  9268 | Elf:2    | Found a radiant altar of Vehumet.
  9285 | Elf:2    | Found Poadghaty's General Store.
  9294 | Elf:2    | Bought a scroll of identify for 32 gold pieces
  9343 | Elf:3    | Entered Level 3 of the Elven Halls
  9348 | Elf:3    | Reached XP level 14. HP: 114/124 MP: 25/25
  9462 | Elf:3    | Noticed a deep elf sorcerer
  9473 | Elf:3    | Killed a deep elf sorcerer
  9501 | Elf:3    | Noticed a deep elf master archer
  9508 | Elf:3    | Killed a deep elf master archer
  9546 | Elf:3    | Cast into level 2 of the Abyss (a deep elf demonologist)
  9613 | Abyss:2  | Noticed a tentacled starspawn
  9735 | Abyss:2  | Found a corrupted altar of Lugonu.
  9958 | Abyss:2  | Noticed a tentacled starspawn
  9970 | Abyss:2  | Killed a tentacled starspawn
  9970 | Abyss:2  | Reached skill level 16 in Axes
  9970 | Abyss:2  | Reached skill level 1 in Evocations
 10044 | Abyss:2  | Found a deep blue altar of Sif Muna.
 10061 | Abyss:2  | Noticed a cyan very ugly thing
 10061 | Abyss:2  | Noticed a cyan very ugly thing
 10061 | Abyss:2  | Noticed a cyan very ugly thing
 10068 | Abyss:2  | Noticed a tentacled starspawn
 10112 | Abyss:2  | Noticed a white very ugly thing
 10392 | Abyss:3  | Noticed a tentacled starspawn
 10409 | Abyss:3  | Killed a tentacled starspawn
 10409 | Abyss:3  | Reached skill level 10 in Armour
 10429 | Elf:3    | Escaped the Abyss
 10505 | Elf:3    | Got a brightly glowing lead ring
 10524 | Elf:3    | Identified the ring of Zihipn {+/*Tele rPois Str+4} (You took it off a deep elf demonologist on level 3 of the Elven Halls)
 10607 | Elf:3    | Noticed a deep elf blademaster
 10616 | Elf:3    | Killed a deep elf blademaster
 10619 | Elf:3    | Noticed Norris
 10638 | Elf:3    | Killed Norris
 10717 | Elf:3    | Got a crude war axe
 10721 | Elf:3    | Identified the +5 war axe "Dasot" {pain, *Rage +Blink rPois Dex+2} (You found it on level 3 of the Elven Halls)
 10768 | Elf:3    | Got a crude morningstar
 10769 | Elf:3    | Identified the +4 morningstar of Ajeigiqy {crush, Str+6} (You found it on level 3 of the Elven Halls)
 10795 | Elf:3    | Noticed a deep elf blademaster
 10804 | Elf:3    | Killed a deep elf blademaster
 10804 | Elf:3    | Reached skill level 17 in Axes
 10805 | Elf:3    | Your ally Ognian died
 10810 | Elf:3    | Your ally Judas died
 10814 | Elf:3    | Reached XP level 15. HP: 60/130 MP: 15/27
 11003 | Elf:3    | Gained Grimold as an ally
 11042 | Elf:3    | Noticed a deep elf sorcerer
 11053 | Elf:3    | Your ally Grimold died
 11053 | Elf:3    | Killed a deep elf sorcerer
 11088 | Elf:3    | Noticed a deep elf master archer
 11096 | Elf:3    | Killed a deep elf master archer
 11221 | Elf:3    | Noticed a deep elf sorcerer
 11243 | Elf:3    | Killed a deep elf sorcerer
 11295 | Elf:3    | Identified a +2 pair of boots of running (You found it on level 3 of the Elven Halls)
 11377 | Elf:3    | Gained mutation: You are robust (+10% HP). [potion of mutation]
 11377 | Elf:3    | Gained mutation: Armour fits poorly on your strangely shaped body. [potion of mutation]
 11485 | Elf:2    | Found a huge runed gate.
 11485 | Elf:2    | Found a huge runed gate.
 11485 | Elf:2    | Found a huge runed gate.
 11493 | Elf:2    | Found a huge runed gate.
 11493 | Elf:2    | Found a huge runed gate.
 11604 | Elf:2    | Noticed a deep elf blademaster
 11619 | Elf:2    | Killed a deep elf blademaster
 12239 | Orc:3    | Reached skill level 15 in Armour
 12416 | Orc:4    | Bought the +2 cloak of the Thief {+Fog Slay-2 SInv Stlth+} for 1873 gold pieces
 12490 | Lair:1   | Entered Level 1 of the Lair of Beasts
 12594 | Lair:1   | Found a frozen archway.
 12625 | IceCv    | Entered an ice cave
 12736 | IceCv    | Gained Argrim as an ally
 12779 | IceCv    | Lost mutation: You are agile. (Dex +2) [helix card]
 12781 | IceCv    | Lost mutation: You are robust (+10% HP). [helix card]
 12801 | IceCv    | Reached XP level 16. HP: 126/137 MP: 28/28
 12993 | IceCv    | Your ally Argrim died
 13063 | IceCv    | Identified Vehumet's Grimoire of Combat Magic (You found it in an ice cave)
 13483 | Lair:3   | Found a hole to the Spider Nest.
 13588 | Lair:4   | Gained Hawl as an ally
 13841 | Lair:6   | Noticed Nessos
 13845 | Lair:6   | Killed Nessos
 13870 | Lair:6   | Got a jewelled flail
 13871 | Lair:6   | Identified the +1 flail "Murmur" {vamp, rF+ Stlth+} (You found it on level 6 of the Lair of Beasts)
 13883 | Lair:6   | Gained Syrus as an ally
 14052 | Lair:6   | Found a staircase to the Shoals.
 14224 | Lair:7   | Noticed Maud
 14237 | Lair:7   | Killed Maud
 14391 | Lair:7   | Got a shimmering steel ring
 14393 | Lair:7   | Identified the ring of Oriah {Int+4 Slay-5 Stlth-} (You found it on level 7 of the Lair of Beasts)
 14583 | Lair:7   | Lost mutation: Scrolls take you a little longer to read. [potion of cure mutation]
 14583 | Lair:7   | Lost mutation: You have large cloven feet. [potion of cure mutation]
 14583 | Lair:7   | Lost mutation: You tend to lose your temper in combat. [potion of cure mutation]
 14596 | Lair:7   | Reached skill level 18 in Axes
 14689 | Lair:7   | Gained mutation: You can translocate small distances at will. [potion of mutation]
 14689 | Lair:7   | Lost mutation: Armour fits poorly on your strangely shaped body. [potion of mutation]
 14689 | Lair:7   | Gained mutation: Potions and wands are less effective at restoring your health. [potion of mutation]
 14690 | Lair:7   | Gained mutation: Your mind is acute. (Int +2) [potion of mutation]
 14690 | Lair:7   | Gained mutation: You are frail (-10% HP). [potion of mutation]
 14690 | Lair:7   | Gained mutation: Your mind is very acute. (Int +4) [potion of mutation]
 14700 | Lair:8   | Entered Level 8 of the Lair of Beasts
 15043 | Lair:8   | Found a staircase to the Slime Pits.
 15044 | Lair:8   | Found a viscous altar of Jiyva.
 15478 | Shoals:1 | Entered Level 1 of the Shoals
 15667 | Shoals:1 | Found a basalt altar of Yredelemnul.
 15673 | Shoals:1 | Noticed a kraken
 16030 | Shoals:3 | Noticed Nikola
 16056 | Shoals:2 | Noticed a kraken
 16116 | Shoals:2 | Killed a kraken
 16170 | Shoals:2 | Reached XP level 17. HP: 118/133 MP: 28/30
 16272 | Shoals:3 | Killed Nikola
 16272 | Shoals:3 | Reached skill level 19 in Axes
 16392 | Shoals:3 | Found Doicsiople's General Store.
 16464 | Shoals:3 | Got a twisted buckler
 16465 | Shoals:3 | Identified the +5 buckler of the Bulwark {rElec rPois Dex-5 SInv} (You found it on level 3 of the Shoals)
 16539 | Shoals:3 | Found Soxyfel's Assorted Antiques.
 16602 | Shoals:4 | Entered Level 4 of the Shoals
 16626 | Shoals:4 | Got a sparkling ruby amulet
 16627 | Shoals:4 | Identified the amulet "Yghot" {Gourm +Fly rPois SInv} (You found it on level 4 of the Shoals)
 16835 | Shoals:4 | Reached skill level 20 in Axes
 16842 | Shoals:4 | Got a jewelled morningstar
 16856 | Shoals:4 | Identified the +4 morningstar of the Firefly {distort, MP-9 Str+3 Int+4} (You found it on level 4 of the Shoals)
 17101 | Shoals:4 | Reached skill level 5 in Evocations
 17142 | Shoals:4 | Identified a scroll of acquirement
 17144 | Shoals:4 | Got a faintly humming cloak
 17145 | Shoals:4 | Identified the +0 cloak "Magaklel" {+Inv MR+++ Dex+2 Slay-4} (You acquired it on level 4 of the Shoals)
 17173 | Shoals:4 | Noticed Ilsuiw
 17178 | Shoals:4 | Killed Ilsuiw
 17291 | Shoals:4 | Found Lisabidi's Weapon Boutique.
 17552 | Shoals:4 | Reached skill level 10 in Evocations
 17574 | Shoals:4 | Got a barnacled rune of Zot
 17611 | Shoals:4 | Your ally Hawl died
 17909 | Slime:1  | Entered Level 1 of the Pits of Slime
 18095 | Slime:6  | Entered Level 6 of the Pits of Slime
 18176 | Slime:6  | Noticed the Royal Jelly
 18187 | Slime:6  | Your ally Syrus died
 18189 | Slime:6  | Killed the Royal Jelly
 18189 | Slime:6  | Reached XP level 18. HP: 102/140 MP: 21/31
 18191 | Slime:6  | Your ally Morun died
 18702 | Slime:6  | Gained mutation: Your body sometimes deteriorates upon taking damage. [a shining eye]
 18708 | Slime:6  | Gained mutation: Armour fits poorly on your strangely shaped body. [a shining eye]
 18714 | Slime:6  | Gained mutation: Scrolls take you a little longer to read. [a shining eye]
 18830 | Slime:6  | Gained mutation: You occasionally shout uncontrollably at your foes. [a shining eye]
 18863 | Slime:6  | Lost mutation: You are frail (-10% HP). [potion of cure mutation]
 18863 | Slime:6  | Lost mutation: Scrolls take you a little longer to read. [potion of cure mutation]
 18863 | Slime:6  | Lost mutation: Your body sometimes deteriorates upon taking damage. [potion of cure mutation]
 18868 | Slime:6  | Learned a level 1 spell: Animate Skeleton
 18874 | Slime:6  | Got a slimy rune of Zot
 18913 | Slime:6  | Got a flickering wooden ring
 18914 | Slime:6  | Identified the ring "Utoeroce" {MR+ Int+6 Stlth+} (You found it on level 6 of the Pits of Slime)
 18922 | Slime:6  | Lost mutation: Your mind is very acute. (Int +4) [potion of cure mutation]
 18922 | Slime:6  | Lost mutation: Your mind is acute. (Int +2) [potion of cure mutation]
 18922 | Slime:6  | Lost mutation: Armour fits poorly on your strangely shaped body. [potion of cure mutation]
 18922 | Slime:6  | Lost mutation: You can translocate small distances at will. [potion of cure mutation]
 18922 | Slime:6  | Lost mutation: Potions and wands are less effective at restoring your health. [potion of cure mutation]
 18922 | Slime:6  | Lost mutation: You occasionally shout uncontrollably at your foes. [potion of cure mutation]
 19574 | Spider:1 | Entered Level 1 of the Spider Nest
 19653 | Spider:1 | rly
 19790 | Spider:1 | Gained Borgun as an ally
 19935 | Spider:2 | Noticed Kirke
 19957 | Spider:2 | Killed Kirke
 20223 | Spider:4 | Entered Level 4 of the Spider Nest
 20251 | Spider:4 | Your ally Borgun died
 20439 | Spider:4 | Gained Marbork as an ally
 20490 | Spider:4 | Your ally Marbork died
 20574 | Spider:3 | Noticed Asterion
 20618 | Spider:3 | Killed Asterion
 20621 | Spider:3 | Got a twisted shield
 20622 | Spider:3 | Identified the +1 shield of Winter {MR+} (You took it off Asterion on level 3 of the Spider Nest)
 20713 | Spider:4 | Gained Ogrik as an ally
 21127 | Spider:4 | Reached XP level 19. HP: 161/161 MP: 26/32
 21142 | Spider:4 | Your ally Ogrik died
 21302 | Spider:4 | you served well
 21309 | Spider:4 | Got a gossamer rune of Zot
 21357 | Spider:4 | Gained Orbeogh as an ally
 21776 | Spider:1 | Noticed Louise
 21798 | Spider:1 | Killed Louise
 21871 | Spider:1 | Noticed Aizul
 21906 | Spider:1 | Killed Aizul
 21945 | Spider:1 | Your ally Orbeogh died
 22090 | D:9      | Noticed Gastronok
 22105 | D:9      | Killed Gastronok
 22254 | D:10     | Gained Grimold as an ally
 22274 | D:10     | You fall through a shaft for 3 floors!
 22417 | Depths:1 | Entered Level 1 of the Depths
 22526 | Depths:3 | Found a gateway to Hell.
 22601 | Depths:2 | Found Jaxkei's Distillery.
 22605 | Depths:2 | Noticed Jorgrun
 22620 | Depths:2 | Killed Jorgrun
 22626 | Depths:2 | Bought a potion of heal wounds for 100 gold pieces
 22626 | Depths:2 | Bought a potion of haste for 200 gold pieces
 22626 | Depths:2 | Bought a potion of haste for 200 gold pieces
 22762 | Depths:2 | Found Ehygeuf's Antique Weapon Boutique.
 22783 | Depths:2 | Found Ogoe's Gadget Emporium.
 22829 | Depths:2 | Found Ruppup's Weapon Boutique.
 22916 | Depths:1 | Gained Boldo as an ally
 23084 | Depths:2 | Found Qeyfer's Food Shop.
 23154 | Depths:3 | Your ally Grimold died
 23266 | Depths:3 | Found Hotuisot's Weapon Boutique.
 23307 | Depths:3 | Noticed a caustic shrike
 23338 | Depths:3 | Killed a caustic shrike
 23352 | Depths:3 | Reached skill level 21 in Invocations
 23375 | Depths:3 | Noticed a juggernaut
 23512 | Depths:5 | Entered Level 5 of the Depths
 23799 | Depths:5 | Found a gate to the Realm of Zot.
 24033 | Depths:5 | Found a one-way gate leading to the halls of Pandemonium.
 24216 | Depths:4 | Noticed Sojobo
 24240 | Depths:4 | Killed Sojobo
 24240 | Depths:4 | Reached skill level 15 in Fighting
 24353 | Depths:4 | Reached XP level 20. HP: 163/178 MP: 30/34
 24671 | Depths:4 | Reached skill level 22 in Invocations
 24960 | Depths:4 | Found a runed door.
 25080 | Depths:4 | Noticed a juggernaut
 25089 | Depths:4 | Killed a juggernaut
 25318 | Depths:4 | Got a transparent bronze amulet
 25319 | Depths:4 | Identified the amulet of Oceunut {+Blink +Fly MR+ Regen+ Int-3} (You found it on level 4 of the Depths)
 25329 | Depths:4 | Got a twisted war axe
 25330 | Depths:4 | Identified the +5 war axe of Rajiblirr {flame, rF+ MP-9 Str+2} (You found it on level 4 of the Depths)
 25350 | Depths:4 | Found a one-way gate to the infinite horrors of the Abyss.
 25400 | Depths:4 | Got a twisted hat
 25414 | Depths:4 | Identified the +2 hat of the Beekeeper {+Inv rC++ Str-4 Int-2} (You acquired it on level 4 of the Depths)
 25475 | Depths:4 | Got a twitching bronze ring
 25477 | Depths:4 | Identified the ring "Ynwutuc" {Wiz Int+6} (You found it on level 4 of the Depths)
 25592 | Depths:4 | Reached skill level 23 in Invocations
 25647 | Depths:3 | Found a gateway to a ziggurat.
 25685 | Depths:3 | Killed a juggernaut
 25837 | Depths:3 | Noticed a caustic shrike
 25840 | Depths:3 | Killed a caustic shrike
 25840 | Depths:3 | Reached XP level 21. HP: 87/189 MP: 26/36
 25879 | Depths:3 | Noticed a caustic shrike
 25879 | Depths:3 | Noticed a shard shrike
 26296 | Depths:3 | Killed a caustic shrike
 26356 | Depths:3 | Noticed a golden dragon
 26369 | Depths:3 | Killed a golden dragon
 26645 | Depths:2 | Reached skill level 24 in Invocations
 26731 | Depths:2 | Noticed a caustic shrike
 26733 | Depths:2 | Killed a caustic shrike
 26971 | Depths:1 | Noticed Mara
 26974 | Depths:1 | Noticed 4thArraOfDagon's illusion
 26975 | Depths:1 | Killed Mara
 27158 | Depths:1 | FUY
 27392 | Vaults:1 | Entered Level 1 of the Vaults
 27552 | Vaults:1 | Your ally Boldo died
 27881 | Vaults:1 | there you are
 27881 | Vaults:1 | REST IN PEACE BRUH
 27884 | Vaults:1 | Gained mutation: You can spit weak poison. [helix card]
 28032 | Vaults:1 | Reached XP level 22. HP: 194/199 MP: 38/38
 28212 | Vaults:2 | Found a staircase to the Crypt.
 28224 | Vaults:2 | Reached skill level 25 in Invocations
 28495 | Vaults:2 | Gained Bogwald as an ally
 28629 | Vaults:2 | ok beogh
 28629 | Vaults:2 | you served well
 28629 | Vaults:2 | i mean
 28629 | Vaults:2 | it was nice to serve you
 28877 | D:6      | Noticed Duvessa
 28877 | D:6      | Noticed Dowan
 28901 | Temple   | Entered the Ecumenical Temple
 28913 | Temple   | Fell from the grace of Beogh
 28913 | Temple   | Became a worshipper of the Shining One
 28930 | D:6      | Killed Duvessa
 28934 | D:6      | Killed Dowan
 29392 | Vaults:2 | Reached * piety under the Shining One
 29459 | Crypt:1  | Entered Level 1 of the Crypt
 29589 | Crypt:2  | Reached ** piety under the Shining One
 29806 | Crypt:3  | Entered Level 3 of the Crypt
 29806 | Crypt:3  | Reached *** piety under the Shining One
 29853 | Crypt:3  | Reached **** piety under the Shining One
 29957 | Crypt:3  | Found a basalt altar of Yredelemnul.
 29969 | Crypt:3  | Reached ***** piety under the Shining One
 30031 | Crypt:3  | Noticed Boris
 30040 | Crypt:3  | Killed Boris
 30168 | Crypt:3  | Reached ****** piety under the Shining One
 30170 | Crypt:3  | Identified a +7 executioner's axe of holy wrath (a +5 executioner's axe of chopping blessed by the Shining One)
 30170 | Crypt:3  | Received a gift from the Shining One
 30211 | Crypt:3  | Learned a level 5 spell: Silence
 30218 | Crypt:3  | Learned a level 6 spell: Haste
 30267 | Crypt:3  | Identified the Collected Works on Shape Shifting and Black Arts (You found it on level 3 of the Crypt)
 30372 | Crypt:3  | Reached skill level 26 in Invocations
 30400 | Crypt:3  | Found a staircase to the Tomb.
 30400 | Crypt:3  | Noticed Khufu
 30406 | Crypt:3  | Killed Khufu
 30447 | Crypt:3  | Reached XP level 23. HP: 164/203 MP: 40/40
 30503 | Tomb:1   | Entered Level 1 of the Tomb of the Ancients
 30530 | Tomb:1   | Noticed Mennas
 30561 | Tomb:1   | Paralysed by a sphinx for 7 turns
 30608 | Tomb:1   | Noticed Frederick
 30637 | Tomb:1   | Noticed Jory
 30661 | Tomb:1   | Noticed a greater mummy
 30663 | Tomb:1   | Noticed a greater mummy
 30663 | Tomb:1   | Noticed a greater mummy
 30667 | Tomb:1   | Killed a greater mummy
 30668 | Tomb:1   | Killed a greater mummy
 30671 | Tomb:1   | Noticed a greater mummy
 30672 | Tomb:1   | Noticed a greater mummy
 30748 | Tomb:2   | Noticed a greater mummy
 30748 | Tomb:2   | Noticed a greater mummy
 30748 | Tomb:2   | Noticed a greater mummy
 30749 | Tomb:2   | Noticed a greater mummy
 30752 | Tomb:2   | Killed a greater mummy
 30830 | Tomb:2   | Killed a greater mummy
 30830 | Tomb:2   | Reached skill level 1 in Hexes
 30855 | Tomb:2   | Reached skill level 1 in Air Magic
 30898 | Tomb:2   | uhh
 30914 | Tomb:2   | Killed a greater mummy
 31127 | Tomb:2   | Paralysed by an orc sorcerer for 5 turns
 31238 | Tomb:3   | Entered Level 3 of the Tomb of the Ancients
 31270 | Tomb:3   | Reached skill level 27 in Invocations
 31277 | Tomb:3   | Noticed a greater mummy
 31290 | Tomb:2   | Killed a greater mummy
 31317 | Tomb:3   | Noticed a greater mummy
 31338 | Tomb:2   | Killed a greater mummy
 31435 | Tomb:3   | Noticed a greater mummy
 31440 | Tomb:3   | Noticed a greater mummy
 31451 | Tomb:3   | Noticed a greater mummy
 31460 | Tomb:3   | Killed a greater mummy
 31460 | Tomb:3   | Reached XP level 24. HP: 98/214 MP: 38/40
 31476 | Tomb:3   | Got a translucent silver amulet
 31479 | Tomb:3   | Got a coiled marble ring
 31481 | Tomb:3   | Identified the ring "Bekhy" {-Tele *Confuse rF+ rN+ Dex+8} (You found it on level 3 of the Tomb of the Ancients)
 31523 | Tomb:3   | Identified the Handbook of Fate (You found it on level 3 of the Tomb of the Ancients)
 31573 | Tomb:3   | Noticed a greater mummy
 31584 | Tomb:3   | Killed a greater mummy
 31627 | Tomb:3   | Noticed a greater mummy
 31631 | Tomb:3   | Killed a greater mummy
 31639 | Tomb:3   | Killed a greater mummy
 31641 | Tomb:3   | Killed a greater mummy
 31676 | Tomb:3   | Noticed a greater mummy
 31682 | Tomb:3   | Killed a greater mummy
 31687 | Tomb:3   | Noticed a greater mummy
 31713 | Tomb:3   | Killed a greater mummy
 31777 | Tomb:3   | Got a golden rune of Zot
 31877 | Zig:1    | Entered Level 1 of a ziggurat
 32054 | Zig:2    | Entered Level 2 of a ziggurat
 32078 | Zig:3    | Entered Level 3 of a ziggurat
 32102 | Zig:3    | Identified the amulet of Soag {Clar rElec SInv} (You found it on level 3 of the Tomb of the Ancients)
 32115 | Zig:4    | Entered Level 4 of a ziggurat
 32139 | Zig:4    | Identified the Disquisition on Attacks (You found it on level 4 of a ziggurat)
 32213 | Zig:5    | Entered Level 5 of a ziggurat
 32325 | Zig:6    | Entered Level 6 of a ziggurat
 32370 | Zig:6    | Identified Wonacs's Reference Book on Ashen Transmigration (You found it on level 6 of a ziggurat)
 32373 | Zig:6    | Got a clouded steel ring
 32375 | Zig:6    | Identified the ring "Tiwagyobb" {rC- rN+ MR+ MP+9 Stlth-} (You found it on level 6 of a ziggurat)
 32387 | Zig:6    | Got a faintly glowing shield
 32402 | Zig:7    | Entered Level 7 of a ziggurat
 32406 | Zig:7    | Noticed a juggernaut
 32406 | Zig:7    | Was placed under penance by the Shining One
 32427 | Zig:8    | Entered Level 8 of a ziggurat
 32428 | Zig:8    | Reached XP level 25. HP: 193/218 MP: 40/40
 32453 | Zig:9    | Entered Level 9 of a ziggurat
 32510 | Zig:9    | Was forgiven by the Shining One
 32708 | Tomb:3   | Gained mutation: You occasionally shout uncontrollably at your foes. [a Zot trap]
 33249 | Vaults:5 | Entered Level 5 of the Vaults
 33251 | Vaults:5 | Noticed an ancient lich
 33322 | Vaults:5 | Killed an ancient lich
 33405 | Vaults:5 | Got a silver rune of Zot
 33422 | Vaults:5 | Reached XP level 26. HP: 197/229 MP: 40/40
 33858 | Vaults:5 | Identified the Catalogue of Shifting Sinister Arts (You found it on level 5 of the Vaults)
 34464 | Vaults:5 | Found Uhey's Magic Scroll Boutique.
 34474 | Vaults:5 | Bought a scroll of teleportation for 42 gold pieces
 34474 | Vaults:5 | Bought a scroll of teleportation for 42 gold pieces
 34474 | Vaults:5 | Bought a scroll of recharging for 133 gold pieces
 34474 | Vaults:5 | Bought a scroll of teleportation for 42 gold pieces
 34987 | Pan      | Entered Pandemonium
 35070 | Pan      | Noticed Acheekov the pandemonium lord
 35078 | Pan      | Killed Acheekov the pandemonium lord
 35155 | Pan      | Reached XP level 27. HP: 160/244 MP: 40/40
 35186 | Pan      | Found an exit through the horrors of the Abyss.
 35200 | Pan      | Noticed Raonuk the pandemonium lord
 35213 | Pan      | Killed Raonuk the pandemonium lord
 35295 | Pan      | Noticed Qarur the pandemonium lord
 35305 | Pan      | Was forgiven by Beogh
 35306 | Pan      | Gained mutation: You tend to lose your temper in combat. [a neqoxec]
 35310 | Pan      | Killed Qarur the pandemonium lord
 35400 | Pan      | Reached skill level 1 in Charms
 35422 | Pan      | Found an exit through the horrors of the Abyss.
 35489 | Pan      | Entered the realm of Cerebov.
 35686 | Pan      | Got an ichor-stained helmet
 35687 | Pan      | Identified the +1 helmet "Kiev" {rC++ rN++ MR+} (You found it in Pandemonium)
 35688 | Pan      | mumm
 35708 | Pan      | Learned a level 3 spell: Spectral Weapon
 35711 | Pan      | Learned a level 2 spell: Song of Slaying
 35783 | Pan      | Noticed Cerebov
 35784 | Pan      | XOM: swap monsters
 35785 | Pan      | check mate fool
 35793 | Pan      | Got a fiery rune of Zot
 35933 | Pan      | Noticed Kohuic the pandemonium lord
 35954 | Pan      | Killed Kohuic the pandemonium lord
 36049 | Pan      | Reached skill level 5 in Charms
 36103 | Pan      | XOM: blink monster(s)
 36127 | Pan      | Reached skill level 5 in Air Magic
 36286 | Pan      | Found an exit through the horrors of the Abyss.
 36287 | Pan      | Gained mutation: You are dopey. (Int -2) [a neqoxec]
 36324 | Pan      | Noticed Fiqeereff the pandemonium lord
 36350 | Depths:1 | Escaped Pandemonium
 36352 | Pan      | Entered Pandemonium
 36380 | Pan      | Found an exit through the horrors of the Abyss.
 36414 | Pan      | Found a huge runed gate.
 36418 | Pan      | Gained mutation: Your body sometimes deteriorates upon taking damage. [a cacodemon]
 36436 | Pan      | Noticed Yziuwk the pandemonium lord
 36448 | Pan      | Killed Yziuwk the pandemonium lord
 36505 | Pan      | Found an exit through the horrors of the Abyss.
 36534 | Pan      | Noticed Eddurro the pandemonium lord
 36544 | Pan      | Killed Eddurro the pandemonium lord
 36630 | Pan      | Found an exit through the horrors of the Abyss.
 36664 | Pan      | Found an exit through the horrors of the Abyss.
 36739 | Pan      | Noticed Ateutel the pandemonium lord
 36752 | Pan      | Killed Ateutel the pandemonium lord
 36764 | Pan      | Got a demonic rune of Zot
 36828 | Pan      | Noticed Kicelit the pandemonium lord
 36840 | Pan      | Killed Kicelit the pandemonium lord
 36864 | Pan      | Found an exit through the horrors of the Abyss.
 37055 | Pan      | Found an exit through the horrors of the Abyss.
 37089 | Pan      | Entered the realm of Mnoleg.
 37127 | Pan      | Gained mutation: Your body often deteriorates upon taking damage. [a cacodemon]
 37204 | Pan      | Gained mutation: You regenerate slowly when monsters are visible. [a shining eye]
 37223 | Pan      | Gained mutation: You have a pair of small antennae on your head. [a neqoxec]
 37232 | Pan      | Paralysed by a giant eyeball for 4 turns
 37253 | Pan      | Noticed Mnoleg
 37275 | Pan      | Killed Mnoleg
 37340 | Pan      | Got a glowing rune of Zot
 37341 | Pan      | Lost mutation: You have a pair of small antennae on your head. [potion of cure mutation]
 37341 | Pan      | Lost mutation: You are dopey. (Int -2) [potion of cure mutation]
 37341 | Pan      | Lost mutation: Your body often deteriorates upon taking damage. [potion of cure mutation]
 37341 | Pan      | Lost mutation: Your body sometimes deteriorates upon taking damage. [potion of cure mutation]
 37341 | Pan      | Lost mutation: You occasionally shout uncontrollably at your foes. [potion of cure mutation]
 37417 | Pan      | Entered the realm of Lom Lobon.
 37417 | Pan      | Noticed Lom Lobon
 37454 | Pan      | Got a magical rune of Zot
 37519 | Pan      | Noticed Cumorgh the pandemonium lord
 37527 | Pan      | Killed Cumorgh the pandemonium lord
 37561 | Pan      | Entered the realm of Gloorx Vloq.
 37683 | Pan      | Noticed Gloorx Vloq
 37694 | Pan      | Killed Gloorx Vloq
 37702 | Pan      | Got a dark rune of Zot
 37781 | Pan      | Found an exit through the horrors of the Abyss.
 37795 | Depths:1 | Escaped Pandemonium
 37814 | Hell     | Entered the Vestibule of Hell
 37822 | Hell     | Noticed Geryon
 37837 | Hell     | Killed Geryon
 37867 | Hell     | Found a gateway to the Iron City of Dis.
 37872 | Hell     | Reached skill level 27 in Armour
 37877 | Dis:1    | Entered Level 1 of the Iron City of Dis
 38003 | Dis:1    | You fall through a shaft!
 38105 | Dis:4    | Found a huge runed gate.
 38105 | Dis:4    | Found a huge runed gate.
 38105 | Dis:4    | Found a huge runed gate.
 38105 | Dis:4    | Found a huge runed gate.
 38319 | Dis:7    | Entered Level 7 of the Iron City of Dis
 38366 | Dis:7    | Got an iron rune of Zot
 38449 | Hell     | Found a gateway to the freezing wastes of Cocytus.
 38485 | Coc:1    | Entered Level 1 of Cocytus
 38628 | Coc:7    | Entered Level 7 of Cocytus
 39024 | Coc:7    | Noticed Antaeus
 39042 | Coc:7    | Killed Antaeus
 39063 | Coc:7    | Got an icy rune of Zot
 39172 | Hell     | Found a gateway to the decaying netherworld of Tartarus.
 39191 | Tar:1    | Entered Level 1 of Tartarus
 39350 | Tar:4    | You fall through a shaft!
 39423 | Tar:7    | Entered Level 7 of Tartarus
 39430 | Tar:7    | wow what a tele
 39481 | Tar:7    | Noticed an ancient lich
 39482 | Tar:7    | Noticed an ancient lich
 39487 | Tar:7    | Killed an ancient lich
 39516 | Tar:7    | Got a coiled bone amulet
 39517 | Tar:7    | Identified the amulet of Spontaneous Combustion {Faith rPois MP+9} (You found it on level 7 of Tartarus)
 39519 | Tar:7    | Got a heavily runed silver amulet
 39520 | Tar:7    | Identified the amulet "Raluawo" {Inacc Stlth+} (You found it on level 7 of Tartarus)
 39559 | Tar:7    | Killed an ancient lich
 39584 | Tar:7    | Reached skill level 27 in Fighting
 39685 | Tar:7    | Reached skill level 5 in Dodging
 39698 | Tar:7    | Noticed Ereshkigal
 39713 | Tar:7    | Killed Ereshkigal
 39729 | Tar:7    | Got a bone rune of Zot
 39763 | Hell     | Noticed Murray
 39775 | Hell     | Found a gateway to the ashen valley of Gehenna.
 39781 | Geh:1    | Entered Level 1 of Gehenna
 39889 | Geh:3    | Reached skill level 10 in Dodging
 40108 | Geh:7    | Entered Level 7 of Gehenna
 40401 | Geh:7    | Noticed Asmodeus
 40409 | Geh:7    | Identified the +7 Sceptre of Asmodeus
 40409 | Geh:7    | Mangled by Asmodeus

Vault maps used:
D:1:      matt_arrival_refuge, minivault_24
D:2:      elyvilon_altar_5
D:3:      lemuel_doored_altar
D:4:      serial_shops, shop
D:5:      old_standard_altar, first_bread, nrook_pool_corridor, st_stairs_10
D:6:      grunt_temple_overflow_lords_of_destruction,
          minmay_temple_entry_large_hall, uniq_duvessa
D:7:      lemuel_mausoleum_altar_yredelemnul, chequers_ossuary_entry_cave
D:9:      evilmike_ruin_ashenzari, lemuel_coloured_pillars_altar, david_orc_5,
          basic_altar, uniq_gastronok
D:11:     dragon1_lemuel
D:12:     serial_glass, glass_columns_a, glass_columns_a,
          hangedman_tell_no_tales
D:13:     lab_entry_generic
D:14:     grunt_vaults_entry_tiered, corexii_hall_statues_i
D:15:     grunt_enter_depths_magical_seal, minivault_24, minmay_misc_feat_cross
Temple:   circular_temple_12
Lair:1:   portal_ice_cave_entry_imps, lemuel_fruit_tree
Lair:2:   beast_lair_carwin_3, serial_bayou_shore_b
Lair:3:   dummy_spider_entry, st_stairs_11, grunt_forest_large_clearings
Lair:4:   st_stairs_6, lemuel_fruit_fields
Lair:6:   lemuel_ratsnest, minmay_shoals_entry_beasts, roderic_lost_polar_bear,
          grunt_megastairs_4, uniq_nessos
Lair:7:   ice2_lemuel, serial_bayou_shore_b, uniq_maud
Lair:8:   hangedman_lair_caniforms_friends, hangedman_lair_in_review,
          slime_altar_1
Shoals:1: wheals_shoals_ruined_temple
Shoals:3: serial_shops, shop, shop, uniq_nikola
Shoals:4: shoals_end_grunt_ice, shoals_ilsuiw_alternative, serial_shops,
          nicolae_shop_waterfront
Spider:1: uniq_louise, uniq_aizul
Spider:2: uniq_arachne, uniq_kirke
Spider:3: uniq_asterion
Spider:4: grunt_spider_rune_parallel
Slime:2:  nicolae_slime_round_cave, uniq_dissolution
Slime:4:  cheibrodos_slime_lost_civilization_4
Orc:1:    serial_shops, shop, shop, nicolae_orc_lost_temple
Orc:2:    enter_bailey_3, minmay_orc_temple_b, uniq_rupert, uniq_harold
Orc:3:    nicolae_orc_pool_cavern
Orc:4:    grunt_orc_gardens, grunt_orc_garden, grunt_orc_garden,
          grunt_orc_garden, grunt_orc_garden
Elf:1:    eino_elf_arrival_altar, serial_glass, glass_columns_c,
          glass_columns_a, minivault_28, uniq_frances, uniq_azrael
Elf:2:    basic_altar, serial_shops, nicolae_shop_trees
Elf:3:    grunt_elf_hall_spiral, spider_trap, uniq_norris
Vaults:1: dpeg_vaults_monster_box, vaults_mumra_minichess,
          hangedman_vaults_slither, hangedman_vaults_pinch, grunt_vaults_swirl,
          vaults_room_grid, vaults_dpeg_diagonal, vaults_room_hallway,
          hangedman_vaults_stitches, vaults_mumra_bighexcomb, vaults_dpeg_hooks
Vaults:2: minmay_crypt_entry_simple_plaza, v_misc_25, vaults_room_door_hall,
          nicolae_vaults_windows_and_doors_thing, hangedman_vaults_snaps,
          vaults_room_octagon, nicolae_vaults_theta, v_misc_3,
          nicolae_vaults_alarming
Vaults:3: vaults_dpeg_spiral, v_misc_12, ontoclasm_vaults_eye,
          vaults_room_guarded_vault, ontoclasm_vaults_ligature, v_misc_2,
          vaults_mumra_hexcomb, nicolae_vaults_rhombus_6,
          vaults_standard_mumra_enter_the_diamond, serial_ice_b, v_misc_26,
          nicolae_vaults_big_angled_halls, serial_shops,
          nicolae_shop_statue_plus
Vaults:4: vaults_dpeg_ring, ontoclasm_vaults_idyll, v_rooms_2, v_rooms_5,
          vaults_room_large_hall, v_misc_24, nicolae_vaults_triangles, v_misc_5,
          vaults_mumra_hex, ontoclasm_vaults_claustrophobia, v_pattern_4,
          vaults_room_hangedman_quadrants
Vaults:5: serial_shops
Crypt:2:  grunt_ministairs_14
Crypt:3:  grunt_crypt_end_deaths_head, uniq_boris
Tomb:1:   uniq_mennas, uniq_frederick, uniq_jory
Depths:1: pan_entry, pf_vacation_house_of_asmodeus, grunt_decor_cap,
          infiniplex_staircase_pool_lava, uniq_mara
Depths:2: minmay_three_patterns, serial_shops, nicolae_shop_waterfront, shop,
          shop, shop, shop_statue, grunt_hell_entry_dis_mu,
          minmay_staircase_statues_hall_small, uniq_jorgrun
Depths:3: minmay_central_circle, enter_ziggurat_b, serial_column_ruins,
          column_ruins_portal_island, column_ruins_hut, column_ruins_hut,
          column_ruins_grid_1, column_ruins_grid_2, column_ruins_grid_2,
          column_ruins_grid_1, column_ruins_grid_2, grunt_decor_resistance,
          hell_entry, rand_demon_pan_entry_1, serial_shops, shop,
          abyss_entry_crystal
Depths:4: box_level_dp, abyss_entry, serial_shops, hell_entry, uniq_sojobo
Depths:5: grunt_zot_entry_tricorne, pan_entry, hell_entry, minmay_hedge_maze,
          serial_shops, shop
Dis:2:    special_room, hangedman_dis_chains, grunt_megastairs_3
Dis:3:    nrook_loot_triangle, grunt_megastairs_2
Dis:4:    door_vault
Dis:7:    iron_city_of_dis
Geh:5:    grunt_megastairs_1
Geh:7:    geh_grunt_pentagon
Coc:7:    coc_hangedman
Tar:5:    nicolae_tar_cuneiform_bird
Tar:7:    tar_old
Abyss:2:  onia_ninara_dug_in_and_dangerous
Abyss:3:  hangedman_relentless_pull, minivault_26,
          grunt_abyss_rune_wretched_hive
Pan:      rand_demon_1, rand_demon_6, evilmike_mini_pan_doors_b,
          nicolae_pan_sigil_uleosi, rand_demon_6, reaverb_pan_chaos_star,
          evilmike_mini_pan_T, nicolae_pan_mnolegish_3, rand_demon_3,
          rand_demon_2, evilmike_cerebov_lava, pan_blood_fountain,
          lemuel_hellion_island, nicolae_pan_lom_lobonic_3, evilmike_holy_pan,
          evilmike_mini_pan_V, uniq_cerebov, evilmike_mini_pan_diamond,
          nicolae_pan_mnolegish_1, evilmike_mini_pan_branches, rand_demon_2,
          uniq_cerebov, pan_blood_fountain, rand_demon_9,
          nicolae_pan_sigil_eeng, nicolae_pan_giant_door, grunt_pan_pentagram,
          pan_blood_fountain_small, rand_demon_5, evilmike_mini_pan_V,
          pan_blood_fountain_small, evilmike_mini_pan_corridor,
          pan_blood_fountain_2, rand_demon_6, rand_demon_3,
          nicolae_pan_gloorx_vloqian_3, pan_captured_pigsty,
          nicolae_pan_strange_glyphs, evilmike_mini_pan_thingy,
          nicolae_pan_lom_lobonic_3, evilmike_mnoleg_eyes,
          nicolae_pan_cerebovesque_3, lom_lobon_st, evilmike_mini_pan_3x3,
          nicolae_pan_giant_door, nicolae_pan_cerebovesque_4,
          nicolae_pan_sigil_uleosi, gloorx_vloq_grunt_torture_chamber,
          nicolae_pan_gloorx_vloqian_1, evilmike_mini_pan_diamond,
          pan_blood_fountain
Zig:7:    ziggurat_pillar_centre_c
Zig:9:    ziggurat_loot_1
Lab:      nicolae_lab_stuck, nicolae_lab_quarters, labyrinth_skeletal_remains,
          nicolae_lab_hexagon
Ossuary:  ossuary_tomb_2
Bailey:   bailey_polearm_1, bailey
IceCv:    ice_cave_caverns_02

Action                   |  1- 3 |  4- 6 |  7- 9 | 10-12 | 13-15 | 16-18 | 19-21 | 22-24 | 25-27 || total
-------------------------+-------+-------+-------+-------+-------+-------+-------+-------+-------++-------
Melee: Flail             |     9 |       |       |       |       |       |       |       |       ||     9
       War axe           |    40 |    81 |   612 |       |       |       |       |       |       ||   733
       Battleaxe         |       |       |    27 |   274 |   635 |  1839 |  1703 |   150 |       ||  4628
       Executioner's axe |       |       |       |       |       |       |       |   827 |  2105 ||  2932
Throw: Tomahawk          |       |     2 |     4 |       |     1 |       |       |       |       ||     7
       Throwing net      |       |       |       |       |       |       |     1 |       |       ||     1
 Cast: Freeze            |    14 |       |       |       |       |       |       |       |       ||    14
       Blink             |       |       |       |       |     5 |       |       |       |     3 ||     8
       Apportation       |       |       |       |       |       |       |     1 |    28 |    50 ||    79
       Repel Missiles    |       |       |       |       |       |       |       |       |     1 ||     1
Invok: Convert to Beogh  |       |     1 |       |       |       |       |       |       |       ||     1
       Smiting           |       |       |       |     3 |    28 |    45 |    58 |       |       ||   134
       Recall Orcish Fol |       |       |       |     1 |    17 |    32 |    26 |     1 |       ||    77
       Stop Recall       |       |       |       |     1 |     1 |     2 |       |       |       ||     4
       Give Item to Name |       |       |       |       |     1 |     1 |     1 |       |       ||     3
       Cleansing Flame   |       |       |       |       |       |       |       |    28 |   118 ||   146
       Summon Divine War |       |       |       |       |       |       |       |     2 |    11 ||    13
       Brand Weapon With |       |       |       |       |       |       |       |     1 |       ||     1
       Divine Shield     |       |       |       |       |       |       |       |       |    26 ||    26
 Abil: Evoke Teleportati |       |       |       |       |     1 |     1 |     1 |    59 |   261 ||   323
       Evoke Blink       |       |       |       |       |       |       |       |     1 |       ||     1
       Evoke Fog         |       |       |       |       |       |       |       |     4 |    10 ||    14
       Stop Flying       |       |       |       |       |       |       |       |       |     1 ||     1
       Evoke Flight      |       |       |       |       |       |       |       |       |     1 ||     1
Evoke: Wand              |       |     4 |       |     1 |     4 |    14 |     3 |     4 |     9 ||    39
       Deck              |       |       |       |       |    10 |     3 |     4 |     5 |       ||    22
       Phantom mirror    |       |       |       |       |       |     1 |       |       |       ||     1
       Staff of energy   |       |       |       |       |       |       |       |     2 |       ||     2
       Lamp of fire      |       |       |       |       |       |       |       |     1 |       ||     1
       Phial of floods   |       |       |       |       |       |       |       |     1 |       ||     1
       Figurine of a zig |       |       |       |       |       |       |       |     1 |       ||     1
       Piece from Xom's  |       |       |       |       |       |       |       |       |     5 ||     5
  Use: Potion            |     2 |     7 |     3 |     2 |     9 |    18 |     5 |     8 |    22 ||    76
       Scroll            |     3 |     4 |    13 |     8 |    23 |    27 |     7 |     4 |    23 ||   112
 Stab: Distracted        |       |       |       |     4 |    13 |    17 |    18 |     1 |     1 ||    54
       Held in net/web   |       |       |       |       |       |       |     1 |       |       ||     1
       Paralysed         |       |       |       |       |       |       |       |     5 |       ||     5
  Eat: Beef jerky        |     1 |       |       |       |     3 |     7 |    12 |     4 |     5 ||    32
       Bread ration      |       |     1 |     1 |       |       |       |       |     7 |    18 ||    27
       Chunk             |       |       |    12 |     9 |    15 |     6 |     9 |     6 |    30 ||    87
       Pizza             |       |       |       |     2 |     1 |     1 |     1 |     1 |       ||     6
       Fruit             |       |       |       |     3 |     8 |    22 |     1 |     3 |       ||    37
       Royal jelly       |       |       |       |       |       |     5 |     4 |     1 |     1 ||    11
       Meat ration       |       |       |       |       |       |       |       |       |     5 ||     5
